 Dungeon Crawl Stone Soup version 0.26-a0-30-g56b8cd3df0 (webtiles) character file.

Game seed: 2652619052285087435, levelgen mode: deterministic

518 Lanoc the Sneak (level 7, -6/60 HPs)
             Began as a Naga Enchanter on May 30, 2020.
             Was an Initiate of Dithmenos.
             Mangled by an orc priest
             ... wielding a +3 war axe
              (15 damage)
             ... on level 5 of the Dungeon.
             The game lasted 00:07:40 (3915 turns).

Lanoc the Sneak (Naga Enchanter)                    Turns: 3915, Time: 00:07:43

Health: -6/60      AC:  5    Str: 10    XL:     7   Next: 21%
Magic:  1/10       EV: 13    Int: 15    God:    Dithmenos [......]
Gold:   279        SH:  4    Dex: 14    Spells: 7/10 levels left

rFire    . . .     SeeInvis +   a - +0 dagger (venom)
rCold    + . .     Gourm    .   o - +0 buckler
rNeg     . . .     Faith    .   b - +0 robe
rPois    +         Spirit   .   (no helmet)
rElec    .         Reflect  .   j - +1 cloak
rCorr    .         Harm     .   (no gloves)
MR       +....                  (no barding)
Stlth    +++.......             (no amulet)
HPRegen  0.20/turn              i - +4 ring of evasion
MPRegen  0.12/turn              s - ring of protection from magic

@: very slightly contaminated, very slow
A: large, see invisible, cold resistance 1, deformed body, poison resistance,
robust 1, slowness 2, slow metabolism 1, spit poison 1, evolution 1, AC +2
a: Spit Poison, Renounce Religion


You were on level 5 of the Dungeon.
You worshipped Dithmenos.
Dithmenos was noncommittal.
You were hungry.

You visited 2 branches of the dungeon, and saw 6 of its levels.

You collected 279 gold pieces.

Inventory:

Hand Weapons
 a - a +0 dagger of venom (weapon)
Armour
 b - a +0 robe (worn)
 j - a +1 cloak (worn)
 o - a +0 buckler (worn)
Jewellery
 i - a +4 ring of evasion (left hand)
 n - an uncursed ring of protection from cold
 s - a ring of protection from magic (right hand)
 y - an uncursed ring of resist corrosion
Wands
 m - a wand of random effects (21)
 v - a wand of digging (5)
Scrolls
 e - 3 scrolls of amnesia {unknown}
 g - 2 scrolls of teleportation {unknown}
 h - a scroll of immolation {unknown}
 k - 2 scrolls of remove curse {unknown}
 l - 7 scrolls of identify {unknown}
 q - 2 scrolls of enchant weapon {unknown}
 r - a scroll of random uselessness {unknown}
 t - 2 scrolls of fear {unknown}
 x - a scroll of fog {unknown}
 z - a scroll of magic mapping {unknown}
Potions
 c - a potion of curing
 f - a potion of stabbing {unknown}
 p - a potion of resistance {unknown}
 u - a potion of mutation
 w - a potion of heal wounds {unknown}
 A - a potion of ambrosia {unknown}
Comestibles
 d - 9 rations


   Skills:
 + Level 3.6 Short Blades
 - Level 1.5 Dodging
 + Level 7.1 Stealth
 + Level 1.0 Shields
 - Level 2.0 Spellcasting
 * Level 5.9 Hexes


You had 7 spell levels left.
You knew the following spells:

 Your Spells              Type           Power        Failure   Level  Hunger
a - Corona                Hex            ###....      2%          1    #......
b - Ensorcelled Hibernat  Hex/Ice        ##....       13%         2    ###....

Your spell library contained the following spells:

 Spells                   Type           Power        Failure   Level  Hunger
 Confusing Touch          Hex            ###.....     8%          3    ###....
 Tukima's Dance           Hex            ###.....     8%          3    ###....
 Dazzling Flash           Conj/Hex       ##....       26%         3    ###....


Dungeon Overview and Level Annotations

Branches:
Dungeon (5/15)             Temple (1/1) D:4

Altars:
Ashenzari
Cheibriados
Dithmenos
Elyvilon
Fedhas
Gozag
Hepliaklqana
Makhleb
Nemelex Xobeh
Okawaru
Qazlal
Ru
Sif Muna
Trog
Uskayaw
Vehumet
Wu Jian
Xom
Yredelemnul
Zin
The Shining One


Innate Abilities, Weirdness & Mutations

You cannot wear boots.
Your serpentine skin is tough. (AC +2)
You have supernaturally acute eyesight. (SInv)
Armour fits poorly on your strangely shaped body.
Your system is resistant to poisons. (rPois)
You cover ground very slowly.
You have a slow metabolism.
You can spit poison.
Your flesh is cold resistant. (rC+)
You are robust. (+10% HP)
You evolve.


Message History

The quokka misses you.
The orc priest hits you with a +3 war axe.
You hit the orc priest but do no damage.
The orc priest is poisoned.
You block the quokka's attack.
You can't do that yet.
Unknown command.
You barely miss the orc priest. The quokka bites you.
The orc priest calls down the wrath of Beogh upon you.
Beogh smites you!
* * * LOW HITPOINT WARNING * * *
It was a potion of curing.
You feel better. The quokka closely misses you.
You block the orc priest's attack.
It was a potion of mutation.
You feel extremely strange.
You feel nature experimenting on you.
Don't worry, failures die fast.
You feel resistant to cold.
You feel robust.
You have got your breath back.
The quokka bites you.
* * * LOW HITPOINT WARNING * * *
The orc priest hits you with a +3 war axe!
You die...

######+ #.....
#######....
..(.......
.........
.......)###
....>..lo@#
########r## #.#
#.# #.# #######
#.# #.....# #.#
#.###.#
#[########.###.#
#..............#


You could see an orc priest (very poisoned), a leopard gecko and a quokka.

Vanquished Creatures
  A sky beast (D:5)
  A bullfrog (D:5)
  A hound (D:4)
  An iguana (D:4)
  3 orc wizards
  A worker ant (D:4)
  3 gnolls (D:2)
  5 adders
  A shadow imp (D:5)
  An ooze (D:1)
  2 worms
  4 dart slugs
  3 leopard geckos
  8 orcs
  2 giant cockroaches (D:2)
  8 goblins
  11 hobgoblins
  4 jackals (D:4)
  3 quokkas
  2 ball pythons (D:4)
  9 bats
  11 frilled lizards
  7 kobolds
  5 rats
97 creatures vanquished.

Notes
Turn   | Place    | Note
-------+----------+-------------------------------------------
     0 | D:1      | Lanoc the Naga Enchanter began the quest for the Orb.
     0 | D:1      | Reached XP level 1. HP: 15/15 MP: 3/3
   314 | D:1      | Reached XP level 2. HP: 22/22 MP: 5/5
   630 | D:1      | Learned a level 2 spell: Ensorcelled Hibernation
   669 | D:1      | Reached XP level 3. HP: 22/28 MP: 1/6
   928 | D:1      | Reached skill level 5 in Stealth
  1416 | D:2      | Reached XP level 4. HP: 29/36 MP: 0/7
  2120 | D:3      | Reached XP level 5. HP: 42/42 MP: 3/8
  2799 | D:4      | Reached skill level 6 in Stealth
  2985 | D:4      | Reached skill level 5 in Hexes
  2985 | D:4      | Reached XP level 6. HP: 47/49 MP: 9/9
  3197 | D:4      | Found a staircase to the Ecumenical Temple.
  3218 | Temple   | Entered the Ecumenical Temple
  3277 | Temple   | Became a worshipper of Dithmenos the Shadowed
  3720 | D:5      | Entered Level 5 of the Dungeon
  3808 | D:5      | Noticed a sky beast
  3813 | D:5      | Killed a sky beast
  3813 | D:5      | Reached skill level 7 in Stealth
  3813 | D:5      | Reached XP level 7. HP: 55/55 MP: 5/10
  3899 | D:5      | Reached skill level 1 in Shields
  3915 | D:5      | Gained mutation: You evolve. [potion of mutation]
  3915 | D:5      | Gained mutation: Your flesh is cold resistant. (rC+)
                  | [potion of mutation]
  3915 | D:5      | Gained mutation: You are robust. (+10% HP) [potion of
                  | mutation]
  3915 | D:5      | Mangled by an orc priest

Illustrated notes

Levels and vault maps discovered:
D:1:      minmay_arrival_jagged, layout_basic, minmay_tetromino_i2
D:2:      layout_basic, small_statue_intersection
D:3:      layout_basic, first_ration, hex_tiny, grunt_decor_one_mirror
D:4:      layout_basic, minmay_temple_entry_mist
D:5:      layout_basic
Temple:   dpeg_three_leaves_temple

Skill      XL: |  1  2  3  4  5  6  7 |
---------------+----------------------+-----
Stealth        | 5 6 7 |  7.1
Short Blades   | 2 3 |  3.6
Hexes          | 4 5 |  5.9
Shields        | 1 |  1.0
Dodging        | |  1.5
Spellcasting   | |  2.0

Action                   |  1- 3 |  4- 6 |  7- 9 || total
-------------------------+-------+-------+-------++-------
Melee: Dagger            |    89 |   217 |    17 ||   323
 Cast: Corona            |     3 |       |       ||     3
       Ensorcelled Hiber |     7 |    18 |     4 ||    29
 Abil: Spit Poison       |     5 |     4 |     1 ||    10
  Use: Potion            |       |       |     2 ||     2
 Stab: Sleeping          |    14 |    23 |       ||    37
       Distracted        |       |     1 |       ||     1
  Eat: Chunk             |     1 |     9 |       ||    10
Armor: Robe              |    11 |    55 |     5 ||    71
Dodge: Dodged            |    58 |   176 |    12 ||   246
Block: Buckler           |       |     2 |     4 ||     6

Table legend:
 A = Non-vault XP
 B = Vault XP
 C = Vault XP percentage of total XP
 D = Non-vault monster count
 E = Vault monster count
 F = Vault count percentage of total count
                 A         B        C        D         E       F
            +---------+---------+-------+---------+---------+-------
      Total |     730 |      10 |   1.4 |      95 |       2 |   2.1
            +---------+---------+-------+---------+---------+-------
        D:1 |      38 |      10 |  20.8 |      23 |       2 |   8.0
        D:2 |      98 |       0 |   0.0 |      21 |       0 |   0.0
        D:3 |      86 |       0 |   0.0 |      26 |       0 |   0.0
        D:4 |     225 |       0 |   0.0 |      18 |       0 |   0.0
        D:5 |     283 |       0 |   0.0 |       7 |       0 |   0.0
            +---------+---------+-------+---------+---------+-------
